 Dungeon Crawl Stone Soup version 0.19.1 (webtiles) character file.

244 saintsgambit the Covered (level 5, -4/47 HPs)
             Began as a Minotaur Fighter on Dec 15, 2016.
             Killed by nerve-wracking pain
             ... invoked by Grinder
              (5 damage)
             ... while paralysed by Grinder
             ... on level 3 of the Dungeon.
             The game lasted 00:03:18 (1433 turns).

saintsgambit the Covered (Minotaur Fighter)         Turns: 1433, Time: 00:03:19

Health: -4/47      AC:  7    Str: 25    XL:     5   Next: 83%
Magic:  4/4        EV:  2    Int:  5    God:
Gold:   128        SH:  0    Dex: 11    Spells: 0 memorised, 4 levels left

rFire  . . .     SeeInvis .     a - +0 flail
rCold  . . .     Gourm    .     b - +0 scale mail
rNeg   . . .     Faith    .     c - +0 shield
rPois  .         Spirit   .     (helmet restricted)
rElec  .         Reflect  .     (no cloak)
rCorr  .         Harm     .     (no gloves)
MR     .....                    (no boots)
Stlth  ..........               (no amulet)
                                (no ring)
                                (no ring)

@: paralysed, mighty
A: retaliatory headbutt, horns 2
a: no special abilities


You were on level 3 of the Dungeon.
You were hungry.

You visited 1 branch of the dungeon, and saw 3 of its levels.

You collected 128 gold pieces.

Inventory:

Hand Weapons
 a - a +0 flail (weapon)
Missiles
 l - 7 tomahawks (quivered)
Armour
 b - a +0 scale mail (worn)
 c - a +0 shield (worn)
 u - a +0 chain mail
Jewellery
 k - a cursed -3 ring of evasion {unknown}
 n - a cursed amulet of inaccuracy {unknown}
Scrolls
 e - a scroll of teleportation {unknown}
 i - 5 scrolls of identify {unknown}
 o - a scroll of enchant weapon {unknown}
 p - a scroll of remove curse {unknown}
 q - a scroll of noise {unknown}
 t - a scroll of enchant armour {unknown}
Potions
 g - 2 potions of heal wounds
 r - a potion of berserk rage {unknown}
 s - a potion of ambrosia {unknown}
 v - 2 potions of curing {unknown}
Comestibles
 f - 2 bread rations
 h - 2 beef jerkies
 j - 2 meat rations
 m - 2 fruits


   Skills:
 + Level 4.7 Fighting
 + Level 4.7 Maces & Flails
 + Level 4.8 Armour
 + Level 1.5 Dodging
 + Level 0.1 Stealth
 + Level 4.6 Shields


You had 4 spell levels left.
You didn't know any spells.

Dungeon Overview and Level Annotations

Branches:
Dungeon (3/15)

Altars:

Annotations:
D:3 Grinder


Innate Abilities, Weirdness & Mutations

You reflexively headbutt those who attack you in melee.
You have a pair of horns on your head.


Message History

Grinder is severely wounded.
Grinder hits you.
You writhe in agony.
Grinder hits you.
You writhe in agony.
You closely miss Grinder.
Grinder is severely wounded.
Grinder gestures at you. Pain shoots through your body!
* * * LOW HITPOINT WARNING * * *
You thump Grinder! Your headbutt misses Grinder.
Grinder is almost dead.
Grinder gestures at you.
You suddenly lose the ability to move!
Grinder hits you.
* * * LOW HITPOINT WARNING * * *
You writhe in agony.
* * * LOW HITPOINT WARNING * * *
Grinder says, "Wait up."
Grinder blinks!
Grinder gestures at you. Pain shoots through your body!
You die...

..#.#.....##.#
..#.#.....##.##+#
..#.#.....#####.###+#####
..........# #.##......#
.<..#.....# #.##......#
..#.#.#########.##......#
............#....'.5....#
##..#.#######.#.##......#
##..#.# #.....@ยง......#
......# ###...#.......#
##..#.# #...#.......#
##..#.#######...#.......#
................#.#######
#.......#####..##)#
....#.#.# #..##.#
#...###.# #..##.# #...#
#.# #..#


You could see Grinder.

Vanquished Creatures
  Sigmund (D:3)
  3 adders (D:2)
  A worm (D:2)
  A dart slug (D:1)
  3 leopard geckos (D:2)
  An orc (D:3)
  A ball python (D:1)
  3 giant cockroaches (D:2)
  5 goblins
  6 hobgoblins
  2 jackals (D:2)
  4 kobolds
  A quokka (D:3)
  7 bats
  6 frilled lizards
  7 rats
52 creatures vanquished.

Notes
Turn   | Place    | Note
-------+----------+-------------------------------------------
     0 | D:1      | saintsgambit the Minotaur Fighter began the quest for the Orb.
     0 | D:1      | Reached XP level 1. HP: 19/19 MP: 0/0
    82 | D:1      | Reached XP level 2. HP: 27/27 MP: 1/1
   522 | D:1      | You fall through a shaft!
   580 | D:2      | Reached XP level 3. HP: 21/33 MP: 2/2
  1026 | D:2      | Reached XP level 4. HP: 37/40 MP: 3/3
  1313 | D:3      | Noticed Sigmund
  1326 | D:3      | Killed Sigmund
  1326 | D:3      | Reached skill level 1 in Dodging
  1326 | D:3      | Reached XP level 5. HP: 15/47 MP: 4/4
  1413 | D:3      | Noticed Grinder
  1429 | D:3      | Paralysed by Grinder for 6 turns
  1430 | D:3      | HP: 1/47 [Grinder (6)]
  1433 | D:3      | Killed from afar by Grinder

Skill      XL: |  1  2  3  4 |
---------------+-------------+-----
Armour         | 4 |  4.8
Fighting       | 4 |  4.7
Maces & Flails | 3 4 |  4.7
Shields        | 4 |  4.6
Dodging        | 1 |  1.5
Stealth        | |  0.1

Action                   |  1- 3 |  4- 6 || total
-------------------------+-------+-------++-------
Melee: Flail             |   106 |    34 ||   140
       Headbutt          |    12 |     7 ||    19
  Use: Potion            |       |     2 ||     2
  Eat: Chunk             |       |     1 ||     1
Armor: Scale mail        |    53 |    12 ||    65
Dodge: Dodged            |    43 |     6 ||    49
Block: Shield            |    59 |     9 ||    68
